 Dungeon Crawl Stone Soup version 0.21-a0-380-gd65dc97 (webtiles) character file.

5754 wazuzu the Grappler (level 10, -4/67 HPs)
             Began as a Demonspawn Gladiator on Oct 17, 2017.
             Was a Priest of Makhleb.
             Slain by a troll (5 damage)
             ... on level 8 of the Dungeon.
             The game lasted 00:34:09 (9130 turns).

wazuzu the Grappler (Demonspawn Gladiator)          Turns: 9130, Time: 00:34:10

Health: -4/67      AC: 17    Str: 17    XL:     10   Next: 49%
Magic:  17/17      EV:  8    Int: 11    God:    Makhleb [***...]
Gold:   602        SH:  6    Dex: 14    Spells: 9/9 levels left

rFire    + . .     SeeInvis .     - Unarmed
rCold    . . .     Gourm    .   (no shield)
rNeg     . . .     Faith    .   n - +2 chain mail {rF+}
rPois    .         Spirit   .   b - +0 helmet
rElec    .         Reflect  .   l - +1 cloak
rCorr    .         Harm     .   (no gloves)
MR       .....                  t - +0 pair of boots
Stlth    ..........             (no amulet)
HPRegen  0.21/turn              (no ring)
MPRegen  0.15/turn              (no ring)

@: no status effects
A: claws 2, large bone plates 2, foul stench 1, rot immunity
a: Minor Destruction, Lesser Servant of Makhleb, Renounce Religion


You were on level 8 of the Dungeon.
You worshipped Makhleb.
Makhleb was most pleased with you.
You were hungry.

You visited 1 branch of the dungeon, and saw 9 of its levels.

You collected 602 gold pieces.

Inventory:

Missiles
 c - 3 throwing nets (quivered)
Armour
 b - a +0 helmet (worn)
 l - a +1 cloak (worn)
 n - a +2 chain mail of fire resistance (worn)
 t - a +0 pair of boots (worn)
Jewellery
 i - an uncursed ring of protection from fire
Wands
 u - a wand of acid (4/15)
 x - a wand of lightning (10/15)
 y - a wand of flame (14/48)
Scrolls
 f - 5 scrolls of teleportation
 g - a scroll of enchant armour
 k - 5 scrolls of recharging
 p - 6 scrolls of identify
 q - a scroll of fear
 r - 2 scrolls of remove curse
 B - a scroll of magic mapping
 D - 2 scrolls of blinking
Potions
 a - a potion of resistance
 e - a potion of haste
 h - a potion of flight
 m - 2 potions of might
 o - a potion of ambrosia
 A - a potion of curing {unknown}
 C - a potion of brilliance {unknown}
Comestibles
 d - 10 bread rations
 j - 3 fruits
 s - 2 royal jellies
 w - a meat ration
 z - 2 chunks of flesh


   Skills:
 - Level 2.0 Fighting
 - Level 1.7 Throwing
 * Level 6.3 Armour
 - Level 2.6 Dodging
 - Level 11.0 Unarmed Combat
 + Level 10.3 Invocations


You had 9 spell levels left.
You didn't know any spells.

Dungeon Overview and Level Annotations

Branches:
Dungeon (9/15)             Temple (0/1) D:7             Orc (0/2) D:9
   Lair: D:8-11

Altars:
Cheibriados
Dithmenos
Elyvilon
Hepliaklqana
Makhleb
Ru
Trog
Uskayaw
Vehumet
Xom
Zin

Shops:
D:5 :   D:8 (


Innate Abilities, Weirdness & Mutations

You have very sharp fingernails.
You are mostly covered in large bone plates. (SH +6)
You may emit foul miasma when damaged in melee.
You are immune to rotting.


Message History

Press: ? - help, Shift-Dir - straight line, f - troll
Aim: a troll (moderately wounded, sick)
The puff of flame hits the troll.
The troll is heavily wounded.
The troll bites you!
* * * LOW HITPOINT WARNING * * *
The troll claws you but does no damage. You block the troll's attack.
Press: ? - help, Shift-Dir - straight line, f/p - troll
Aim: a troll (heavily wounded, sick)
The glob of acid misses the troll.
The troll bites you but does no damage. The troll claws you but does no damage.
The troll claws you!
* * * LOW HITPOINT WARNING * * *
Press: ? - help, Shift-Dir - straight line, f/p - troll
Aim: a troll (heavily wounded, sick)
The zap hits the troll.
The troll is heavily wounded.
The troll bites you.
* * * LOW HITPOINT WARNING * * *
The troll claws you.
You die...

###..########..........#
..........##...........##
).......................#
>........#...#..........#
...........####.........#
.........### ##........#
.........# #........#
.........# #.T......#
.........# #@.......#
.........# #........#
.........# #........#
########## #........#
##########


You could see a troll.

Vanquished Creatures
  A two-headed ogre (D:9)
  2 trolls (D:9)
  Grinder (D:5)
  2 hippogriffs
  A hornet (D:7)
  A spriggan (D:8)
  A steam dragon (D:8)
  Menkaure (D:4)
  Duvessa (D:5)
  An orc warrior (D:7)
  3 black bears
  2 sky beasts
  A phantom (D:6)
  3 ogres
  5 centaurs
  A big kobold (D:9)
  5 bullfrogs
  Dowan (D:5)
  2 scorpions
  3 killer bees (D:8)
  2 wights
  3 crimson imps
  2 bullfrog zombies
  2 bullfrog skeletons (D:5)
  A centaur skeleton (D:5)
  8 hounds
  A jelly (D:6)
  7 orc wizards
  3 orc priests
  2 iguanas
  Ijyb (D:5)
  Natasha (twice) (D:2)
  3 worker ants
  2 hound skeletons (D:4)
  13 adders
  11 gnolls
  3 oozes
  2 adder zombies (D:5)
  2 worms
  3 dart slugs (D:1)
  3 leopard geckos
  20 orcs
  4 giant cockroaches
  6 goblins
  8 hobgoblins
  17 jackals
  6 quokkas
  2 ball pythons
  7 bats
  4 frilled lizards
  30 kobolds
  A leopard gecko skeleton (D:4)
  9 rats
228 creatures vanquished.

Vanquished Creatures (others)
  Natasha (D:2)
1 creature vanquished.

Grand Total: 229 creatures vanquished

Notes
Turn   | Place    | Note
-------+----------+-------------------------------------------
     0 | D:1      | wazuzu the Demonspawn Gladiator began the quest for the Orb.
     0 | D:1      | Reached XP level 1. HP: 16/16 MP: 1/1
    12 | D:1      | Reached skill level 3 in Unarmed Combat
   152 | D:1      | Gained mutation: You have sharp fingernails. [demonic ancestry]
   152 | D:1      | Reached XP level 2. HP: 19/22 MP: 2/2
   357 | D:1      | Reached XP level 3. HP: 18/27 MP: 3/3
   505 | D:1      | Reached skill level 4 in Unarmed Combat
   803 | D:2      | Found a sacrificial altar of Ru.
   876 | D:2      | Noticed Natasha
   879 | D:2      | Killed Natasha
   879 | D:2      | Reached XP level 4. HP: 28/33 MP: 4/4
  1078 | D:2      | Found a radiant altar of Vehumet.
  1104 | D:2      | Reached skill level 5 in Unarmed Combat
  1214 | D:2      | Noticed Natasha
  1244 | D:2      | Killed Natasha
  1244 | D:2      | Reached XP level 5. HP: 23/38 MP: 5/5
  1333 | D:2      | Killed Natasha
  1591 | D:3      | Found a glowing silver altar of Zin.
  2041 | D:3      | Found a burning altar of Makhleb.
  2042 | D:3      | Found a shimmering altar of Xom.
  2051 | D:3      | Reached skill level 6 in Unarmed Combat
  2056 | D:3      | Became a worshipper of Makhleb the Destroyer
  2198 | D:3      | Gained mutation: You are partially covered in large bone plates. (SH +4) [demonic ancestry]
  2198 | D:3      | Reached XP level 6. HP: 39/44 MP: 6/6
  2486 | D:3      | Found a snail-covered altar of Cheibriados.
  2721 | D:4      | Reached * piety under Makhleb
  2779 | D:4      | Reached skill level 7 in Unarmed Combat
  2917 | D:4      | Gained mutation: You are immune to rotting. [demonic ancestry]
  2917 | D:4      | Reached XP level 7. HP: 37/50 MP: 7/7
  3488 | D:4      | Found a white marble altar of Elyvilon.
  3899 | D:5      | Entered Level 5 of the Dungeon
  3905 | D:5      | Reached skill level 8 in Unarmed Combat
  3979 | D:5      | Noticed Ijyb
  4019 | D:5      | Killed Ijyb
  4245 | D:5      | Noticed Duvessa
  4245 | D:5      | Noticed Dowan
  4291 | D:5      | Noticed Menkaure
  4293 | D:5      | Noticed Grinder
  4307 | D:4      | Killed Menkaure
  4513 | D:5      | Killed Grinder
  4513 | D:5      | Reached skill level 9 in Unarmed Combat
  4513 | D:5      | Gained mutation: You have very sharp fingernails. [demonic ancestry]
  4513 | D:5      | Reached XP level 8. HP: 5/56 MP: 8/8
  4795 | D:5      | Found a shadowy altar of Dithmenos.
  4897 | D:5      | Found a hazy altar of Hepliaklqana.
  4962 | D:5      | Found Jecwes's Book Emporium.
  4997 | D:5      | Killed Duvessa
  5026 | D:5      | Killed Dowan
  5051 | D:5      | HP: 4/84 [poisoned by Dowan]
  5058 | D:5      | HP: 3/84 [poisoned by Dowan]
  5065 | D:5      | HP: 3/84 [poisoned by Dowan]
  5073 | D:5      | HP: 3/84 [poisoned by Dowan]
  5613 | D:5      | Reached skill level 1 in Invocations
  5714 | D:5      | Reached skill level 10 in Unarmed Combat
  6082 | D:6      | Noticed a hippogriff
  6101 | D:6      | Killed a hippogriff
  6101 | D:6      | Reached skill level 5 in Invocations
  6101 | D:6      | Gained mutation: You may emit foul miasma when damaged in melee. [demonic ancestry]
  6101 | D:6      | Reached XP level 9. HP: 28/61 MP: 12/12
  6493 | D:6      | Reached ** piety under Makhleb
  6554 | D:6      | Found a bloodstained altar of Trog.
  6989 | D:7      | Paralysed by a hornet for 3 turns
  7020 | D:7      | Reached skill level 11 in Unarmed Combat
  7340 | D:7      | Found a white marble altar of Elyvilon.
  7449 | D:7      | Found a staircase to the Ecumenical Temple.
  7601 | D:8      | Found Tiqaap's Weapon Shoppe.
  8008 | D:8      | Found a hide-covered altar of Uskayaw.
  8218 | D:8      | Gained mutation: You are mostly covered in large bone plates. (SH +6) [demonic ancestry]
  8218 | D:8      | Reached XP level 10. HP: 60/67 MP: 16/16
  8469 | D:9      | Reached *** piety under Makhleb
  8475 | D:9      | Noticed a two-headed ogre
  8491 | D:9      | Reached skill level 5 in Armour
  8500 | D:9      | Killed a two-headed ogre
  8500 | D:9      | Reached skill level 10 in Invocations
  8913 | D:9      | Found a staircase to the Orcish Mines.
  9130 | D:8      | HP: 1/67 [troll (6)]
  9130 | D:8      | Slain by a troll

Vault maps used:
D:1:      lightli_arrival_noodles
D:2:      minmay_wonky_spiral, fiery_altar_vehumet,
          nicolae_ru_sacrificial_ziggurat, hex_intersection, uniq_natasha
D:3:      lemuel_crystal_altar, zin_academy,
          grunt_temple_overflow_champion_of_chaos, first_bread
D:4:      elyvilon_altar_4, hangedman_decor_opposing
D:5:      kennysheep_big_flooded_room, lemuel_coloured_pillars_altar,
          nicolae_overflow_crystal_walls, serial_shops, shop,
          hangedman_decor_growths, uniq_grinder, uniq_menkaure, uniq_duvessa,
          uniq_ijyb
D:6:      trog_ov_bears_minmay, minmay_misc_feat_rows
D:7:      temple_hall, basic_altar
D:8:      kennysheep_little_box, serial_shops, shop, the_bakery
D:9:      kennysheep_kobold_camp, orc_0_dummy

Skill      XL: |  1  2  3  4  5  6  7  8  9 10 |
---------------+-------------------------------+-----
Unarmed Combat | 3 4 5 6 7 9 10 11 | 11.0
Invocations    | 5 9 10 | 10.3
Armour         | 4 6 |  6.3
Fighting       | |  2.0
Throwing       | |  1.7
Dodging        | |  2.6

Action                   |  1- 3 |  4- 6 |  7- 9 | 10-12 || total
-------------------------+-------+-------+-------+-------++-------
Melee: Unarmed           |   102 |   242 |   378 |   132 ||   854
       Punch             |       |     6 |    15 |     6 ||    27
Invok: Minor Destruction |       |       |    18 |    11 ||    29
  Use: Scroll            |       |     8 |     6 |     2 ||    16
       Potion            |       |     1 |     6 |     3 ||    10
 Stab: Sleeping          |     1 |       |       |       ||     1
  Eat: Chunk             |       |     7 |    17 |     2 ||    26
Armor: Leather armour    |     6 |       |       |       ||     6
       Scale mail        |    29 |   123 |   133 |       ||   285
       Chain mail        |       |       |    56 |    75 ||   131
Dodge: Dodged            |    47 |   109 |   114 |    40 ||   310
Block: Other             |       |    23 |    50 |    33 ||   106

Table legend:
 A = Spawn XP
 B = Non-spawn XP
 C = Spawn XP percentage of total XP
 D = Spawn monster count
 E = Non-spawn monster count
 F = Spawn count percentage of total count
 G = Total turns spent on level
                    A         B        C        D         E        F      G
               +---------+---------+-------+---------+---------+-------+---------
         Total |       0 |    8220 |   0.0 |       0 |     228 |   0.0 |  9130
               +---------+---------+-------+---------+---------+-------+---------
           D:1 |       0 |      60 |   0.0 |       0 |      33 |   0.0 |   776
           D:2 |       0 |     149 |   0.0 |       0 |      20 |   0.0 |   872
           D:3 |       0 |     333 |   0.0 |       0 |      32 |   0.0 |  1022
           D:4 |       0 |     612 |   0.0 |       0 |      24 |   0.0 |  1505
           D:5 |       0 |    1026 |   0.0 |       0 |      21 |   0.0 |  1807
           D:6 |       0 |    1363 |   0.0 |       0 |      26 |   0.0 |   956
           D:7 |       0 |     746 |   0.0 |       0 |      17 |   0.0 |   663
           D:8 |       0 |    1471 |   0.0 |       0 |      16 |   0.0 |   736
           D:9 |       0 |    2460 |   0.0 |       0 |      39 |   0.0 |   793
               +---------+---------+-------+---------+---------+-------+---------
